 Dungeon Crawl Stone Soup version 0.21.1-72-gffa868e (webtiles) character file.

39722 taaruk the Tortoise (level 13, -22/189 HPs)
             Began as a Minotaur Berserker on Aug 5, 2018.
             Was a High Priest of Trog.
             Annihilated by Rupert
             ... wielding a +2 executioner's axe of electrocution
              (40 damage)
             ... on level 15 of the Dungeon.
             The game lasted 01:45:26 (13157 turns).

taaruk the Tortoise (Minotaur Berserker)           Turns: 13157, Time: 01:45:27

Health: -22/189    AC: 19    Str: 33    XL:     13   Next: 70%
Magic:  21/21      EV: 13    Int:  4    God:    Trog [*****.]
Gold:   1201       SH:  4    Dex: 15    Spells: 12/12 levels left

rFire    . . .     SeeInvis .   a - +6 great mace (drain)
rCold    . . .     Gourm    .   (shield currently unavailable)
rNeg     + . .     Faith    .   M - +1 plate armour of the Wumpus {*Contam rPois Str+3 Dex+5}
rPois    +         Spirit   .   (helmet unavailable)
rElec    .         Reflect  .   (no cloak)
rCorr    +         Harm     .   (no gloves)
MR       +....                  J - +0 pair of boots of the King {+Inv Regen+ rCorr MP+9} (curse)
Stlth    ..........             n - amulet of regeneration
HPRegen  1.21/turn              y - ring of positive energy
MPRegen  0.17/turn              I - ring of protection from magic

@: berserking, very quick
A: retaliatory headbutt, horns 3, large bone plates 1, blurry vision 1, dopey 1
a: Berserk, Trog's Hand, Brothers in Arms, Burn Spellbooks, Renounce Religion,
Evoke Invisibility


You were on level 15 of the Dungeon.
You worshipped Trog.
Trog was extremely pleased with you.
You were not hungry.

You visited 3 branches of the dungeon, and saw 17 of its levels.

You collected 1201 gold pieces.

Inventory:

Hand Weapons
 a - a +6 great mace of draining (weapon)
 g - a +3 flail of venom
 h - a +4 blowgun
 q - a +2 scimitar of flaming
 r - a +0 morningstar
 A - a +0 flail of draining
 F - a +8 antimagic mace
 L - a +0 morningstar of crushing
 N - a +4 dire flail
 Q - a +2 flail of protection
 S - a +0 arbalest
Missiles
 W - 15 tomahawks (quivered)
 Y - 253 arrows
Armour
 i - a +2 scale mail of fire resistance
 w - the +3 plate armour "Poeppum" {Str+5, unknown}
   (You found it on level 14 of the Dungeon)

   It affects your strength (+5).
 z - a +5 scale mail
 C - a +0 buckler
 H - a +0 shield
 J - the cursed +0 pair of boots of the King (worn) {+Inv Regen+ rCorr MP+9}
   (You found it on level 6 of the Dungeon)

   It affects your magic capacity (+9).
   It lets you turn invisible.
   It increases your rate of regeneration.
   It protects you from acid and corrosion.
   It has a curse placed upon it.
 M - the +1 plate armour of the Wumpus (worn) {*Contam rPois Str+3 Dex+5}
   (You found it on level 10 of the Dungeon)

   It affects your strength (+3).
   It affects your dexterity (+5).
   It protects you from poison.
   It causes magical contamination when unequipped.
 U - a +4 scale mail of magic resistance
Jewellery
 e - an uncursed amulet of the gourmand
 n - an amulet of regeneration (around neck)
 v - an uncursed amulet of guardian spirit
 y - a ring of positive energy (left hand)
 E - an uncursed amulet of harm {unknown}
 G - an uncursed ring of protection from magic
 I - a ring of protection from magic (right hand)
Scrolls
 f - 3 scrolls of remove curse
 j - 5 scrolls of identify
 k - a scroll of immolation
 l - a scroll of random uselessness {unknown}
 p - 3 scrolls of blinking
 u - 6 scrolls of teleportation
 D - 2 scrolls of fear
 V - a scroll of fog
Potions
 b - 2 potions of ambrosia
 m - 5 potions of curing
 o - a potion of brilliance {unknown}
 s - 3 potions of might
 t - a potion of degeneration {unknown}
 x - 3 potions of berserk rage
 B - a potion of agility
 P - 3 potions of flight {unknown}
 Z - a potion of haste
Books
 K - a book of Misfortune

   Spells                             Type                      Level
   a - Confusing Touch                Hexes                        1
   b - Confuse                        Hexes                        3
   c - Gell's Gravitas                Translocation                3
   d - Petrify                        Transmutation/Earth          4
   e - Metabolic Englaciation         Hexes/Ice                    5
   f - Yara's Violent Unravelling     Hexes/Transmutation          5
   Trog disapproves of the use of such an item.
Miscellaneous
 d - a lamp of fire
Comestibles
 c - 17 rations


   Skills:
 + Level 15.0 Fighting
 - Level 14.0 Maces & Flails
   Level 6.8 Polearms
 + Level 15.3 Armour
 + Level 7.3 Dodging
 + Level 2.9 Stealth
 - Level 4.1 Shields


You had 12 spell levels left.
You didn't know any spells.

Dungeon Overview and Level Annotations

Branches:
Dungeon (15/15)            Temple (1/1) D:5            Lair (0/6) D:9
    Orc (1/2) D:11         Vaults (0/5) D:14
 Depths: D:15

Altars:
Ashenzari
Cheibriados
Dithmenos
Elyvilon
Fedhas
Gozag
Kikubaaqudgha
Makhleb
Qazlal
Ru
Sif Muna
Trog
Uskayaw
Vehumet
Xom
Yredelemnul
The Shining One
Beogh

Shops:
D:12 :   D:13 [

Portals:
Trove: D:15 (give +5 demon blade)

Annotations:
D:15 Rupert


Innate Abilities, Weirdness & Mutations

You reflexively headbutt those who attack you in melee.
You have a pair of large horns on your head.
You are partially covered in large bone plates. (SH +4)
Scrolls take you a little longer to read.
You are dopey. (Int -2)


Message History

Something appears at your feet! Trog grants you a weapon!
Rupert roars madly and goes into a rage!
Rupert goes berserk!
You see here a bullfrog corpse.
You hammer Rupert like a gong!!!
Rupert is moderately wounded.
Rupert barely misses you.
The shadow strikes at you from the darkness!
* * * LOW HITPOINT WARNING * * *
Reactivating autopickup.
You are too berserk!
You bludgeon Rupert!! You drain Rupert! You headbutt Rupert!!
Rupert is severely wounded.
The shadow hits you.
* * * LOW HITPOINT WARNING * * *
You bludgeon Rupert!! You drain Rupert! You headbutt Rupert!
Rupert is almost dead.
Rupert hits you with an executioner's axe of electrocution!!!
You die...

#...#...#.......... ..$..
#...##.##.......... .....
#..................
...W.!#..................
......#..................
......#..................
............######.....#.
............# .........#.
.......@@...# .........#
#######)W...# .........#
...........# .......).#
.....####### ..##....(##
..... ..#.....(.# ....
#.......# .... #....))<#
... #....)..# #....)..#


You could see Rupert (berserk), a freezing wraith and a shadow.

Vanquished Creatures
  Azrael (D:15)
  The ghost of Doobh the Quickloader, a journeyman KoHu of Dithmenos (D:11)
  A fire dragon (D:14)
  2 hydras
  Erica (D:10)
  A catoblepas (D:14)
  2 centaur warriors
  2 death knights (D:14)
  4 two-headed ogres
  An ogre mage (D:14)
  Sonja (D:10)
  A skeletal warrior (D:14)
  2 unseen horrors
  A phantasmal warrior (D:14)
  A deep elf mage (D:14)
  2 cyclopes
  8 ugly things
  Joseph (D:9)
  2 gargoyles
  A komodo dragon (D:15)
  A rime drake (shapeshifter) (D:13)
  2 freezing wraiths (D:14)
  A redback zombie (D:14)
  3 trolls
  7 hippogriffs
  A hornet (D:12)
  2 dream sheep (D:9)
  A raiju (shapeshifter) (D:14)
  2 vampires
  Sigmund (D:6)
  A shadow (D:11)
  4 wraiths
  3 wyverns
  19 yaks
  A basilisk (D:14)
  2 fire elementals (D:15)
  The ghost of Cerebulon the Charmwright, an amateur GnSk of Elyvilon (D:4)
  2 steam dragons
  Grum (D:9)
  4 vampire mosquitoes (D:12)
  3 hungry ghosts (D:11)
  A warg (Orc:1)
  A soldier ant (shapeshifter) (D:13)
  2 two-headed ogre zombies (D:11)
  A soldier ant (D:12)
  3 hell hounds (D:15)
  A porcupine (D:9)
  8 orc warriors
  7 ice beasts
  2 sky beasts
  4 phantoms
  5 black bears
  2 eyes of draining
  9 centaurs
  7 ogres
  4 wolves (D:9)
  A crocodile (D:11)
  4 big kobolds (D:9)
  9 bullfrogs
  9 scorpions
  A wyvern skeleton (D:14)
  A water moccasin zombie (D:9)
  2 troll zombies (D:11)
  9 killer bees
  18 wights
  6 howler monkeys
  4 centaur zombies
  8 crimson imps
  3 bullfrog zombies
  5 hounds
  2 jellies
  A gnoll shaman (D:8)
  8 orc priests
  18 orc wizards
  2 centaur skeletons
  3 bullfrog skeletons
  2 iguanas
  Terence (D:3)
  8 worker ants
  4 ogre zombies (D:11)
  A hound zombie (D:11)
  6 worker ant zombies
  A howler monkey skeleton (D:7)
  6 gnolls
  12 adders
  3 shadow imps
  An ooze (D:1)
  An adder zombie (D:9)
  2 adder skeletons
  4 worms
  4 dart slugs
  3 leopard geckos
  49 orcs
  5 giant cockroaches
  9 goblins
  9 hobgoblins
  15 jackals
  12 kobolds
  A quokka (D:2)
  3 ball pythons
  A ball python skeleton (D:5)
  6 bats
  9 frilled lizards
  A giant cockroach zombie (D:5)
  A goblin skeleton (D:11)
  2 goblin zombies (D:11)
  3 hobgoblin skeletons (D:11)
  5 hobgoblin zombies (D:11)
  14 orc zombies (D:11)
  A quokka zombie (D:7)
  9 rats
  A fungus (D:9)
  5 plants (D:9)
489 creatures vanquished.

Vanquished Creatures (others)
  A quokka (D:5)
  4 fungi (D:9)
  A plant (D:9)
6 creatures vanquished.

Grand Total: 495 creatures vanquished

Notes
Turn   | Place    | Note
-------+----------+-------------------------------------------
     0 | D:1      | taaruk the Minotaur Berserker began the quest for the Orb.
     0 | D:1      | Reached XP level 1. HP: 19/19 MP: 0/0
   210 | D:1      | Reached XP level 2. HP: 18/27 MP: 1/1
  1070 | D:2      | Reached XP level 3. HP: 29/33 MP: 2/2
  1208 | D:2      | Reached ** piety under Trog
  1235 | D:2      | Noticed a scorpion
  1244 | D:2      | Killed a scorpion
  1244 | D:2      | Reached skill level 5 in Polearms
  1244 | D:2      | Reached XP level 4. HP: 6/41 MP: 3/3
  1731 | D:3      | Noticed Terence
  1738 | D:3      | Gained mutation: You are partially covered in large bone plates. (SH +4) [potion of mutation]
  1738 | D:3      | Gained mutation: You are dopey. (Int -2) [potion of mutation]
  1738 | D:3      | Gained mutation: You have a pair of large horns on your head. [potion of mutation]
  1740 | D:3      | Killed Terence
  1740 | D:3      | Reached XP level 5. HP: 45/47 MP: 4/4
  1924 | D:3      | Reached skill level 5 in Fighting
  1930 | D:3      | Reached XP level 6. HP: 43/56 MP: 5/5
  2017 | D:3      | Reached *** piety under Trog
  2351 | D:3      | Found an ancient bone altar of Kikubaaqudgha.
  2355 | D:3      | Found a blossoming altar of Fedhas.
  2648 | D:4      | Reached skill level 1 in Maces & Flails
  2670 | D:4      | Reached XP level 7. HP: 47/62 MP: 6/6
  2840 | D:4      | Got a faintly humming buckler
  3024 | D:4      | Noticed Cerebulon's ghost (amateur GnSk)
  3036 | D:4      | Killed Cerebulon's ghost
  3061 | D:4      | Found a basalt altar of Yredelemnul.
  3061 | D:4      | Found a white marble altar of Elyvilon.
  3072 | D:4      | Found a shimmering altar of Xom.
  3075 | D:4      | Found a faded altar of an unknown god.
  3077 | D:4      | Found a faded altar of an unknown god.
  3202 | D:5      | Entered Level 5 of the Dungeon
  3240 | D:5      | Found a bloodstained altar of Trog.
  3288 | D:5      | Reached skill level 1 in Stealth
  3368 | D:5      | Reached skill level 5 in Armour
  3368 | D:5      | Reached XP level 8. HP: 64/71 MP: 7/7
  3388 | D:5      | Found a shadowy altar of Dithmenos.
  3429 | D:5      | Found a white marble altar of Elyvilon.
  3462 | D:5      | Identified the +1 buckler of Autumn {rN+ rCorr Int-4} (You found it on level 4 of the Dungeon)
  3462 | D:5      | Lost intelligence.
  3489 | D:5      | Found a glowing golden altar of the Shining One.
  3527 | D:5      | Reached skill level 5 in Maces & Flails
  3550 | D:5      | Reached skill level 1 in Shields
  3552 | D:5      | Reached **** piety under Trog
  3571 | D:5      | Found an ancient bone altar of Kikubaaqudgha.
  3690 | D:5      | Found a staircase to the Ecumenical Temple.
  3697 | Temple   | Entered the Ecumenical Temple
  4219 | D:6      | Found a snail-covered altar of Cheibriados.
  4345 | D:6      | Found a stormy altar of Qazlal.
  4682 | D:6      | Found a shimmering altar of Xom.
  4718 | D:6      | Found a shattered altar of Ashenzari.
  4772 | D:6      | Got a pair of smoking boots
  4779 | D:6      | Identified the cursed +0 pair of boots of the King {+Inv Regen+ rCorr MP+9} (You found it on level 6 of the Dungeon)
  4792 | D:6      | Noticed Sigmund
  4795 | D:6      | Killed Sigmund
  5150 | D:7      | Reached XP level 9. HP: 77/79 MP: 8/8
  5457 | D:7      | Found an opulent altar of Gozag.
  5553 | D:7      | Reached ***** piety under Trog
  5943 | D:8      | Reached skill level 5 in Dodging
  5994 | D:8      | Noticed a cyclops
  6005 | D:8      | Killed a cyclops
  6525 | D:8      | Reached skill level 10 in Maces & Flails
  6525 | D:8      | Reached XP level 10. HP: 88/88 MP: 9/9
  6599 | D:9      | Noticed Joseph
  6610 | D:9      | Killed Joseph
  6854 | D:9      | Found a sacrificial altar of Ru.
  6859 | D:9      | Received a gift from Trog
  6969 | D:9      | Noticed Grum
  6978 | D:9      | Killed Grum
  7019 | D:9      | Found a glowing golden altar of the Shining One.
  7067 | D:9      | Found a staircase to the Lair.
  7280 | D:9      | Noticed a two-headed hydra
  7288 | D:9      | Killed a two-headed hydra
  7288 | D:9      | Reached XP level 11. HP: 83/97 MP: 10/10
  7668 | D:10     | Entered Level 10 of the Dungeon
  7742 | D:10     | Noticed a brown ugly thing
  7750 | D:10     | Killed a brown ugly thing
  7823 | D:10     | Noticed Sonja
  7831 | D:10     | Killed Sonja
  8126 | D:10     | Killed an unseen horror
  8126 | D:10     | Reached skill level 10 in Fighting
  8367 | D:10     | Got a bloodstained plate armour
  8379 | D:10     | Identified the +1 plate armour of the Wumpus {*Contam rPois Str+3 Dex+5} (You found it on level 10 of the Dungeon)
  8521 | D:10     | Noticed Erica
  8538 | D:10     | Killed Erica
  8573 | D:10     | Gained mutation: Scrolls take you a little longer to read. [mutagenic glow]
  8594 | D:10     | Found a roughly hewn altar of Beogh.
  8959 | D:11     | Found a staircase to the Orcish Mines.
  9006 | D:11     | Reached skill level 10 in Armour
  9054 | D:11     | Received a gift from Trog
  9066 | D:11     | Noticed Doobh's ghost (journeyman KoHu)
  9122 | D:11     | Killed Doobh's ghost
  9152 | Orc:1    | Entered Level 1 of the Orcish Mines
  9520 | D:11     | Noticed a red ugly thing
  9538 | D:11     | Killed a red ugly thing
  9542 | D:11     | Reached XP level 12. HP: 78/110 MP: 11/11
 10259 | D:12     | Found Licaink's Book Emporium.
 10868 | D:13     | Noticed a centaur warrior
 10876 | D:13     | Killed a centaur warrior
 10958 | D:13     | Found Raar's Armour Emporium.
 11170 | D:13     | Reached ****** piety under Trog
 11170 | D:13     | Received a gift from Trog
 11246 | D:13     | Identified a scroll of acquirement
 11820 | D:14     | Noticed a centaur warrior
 11823 | D:14     | Noticed a catoblepas
 11826 | D:14     | Killed a centaur warrior
 11842 | D:14     | Killed a catoblepas
 11918 | D:14     | Noticed a two-headed ogre
 11924 | D:14     | Killed a two-headed ogre
 11941 | D:14     | Noticed a two-headed ogre
 11944 | D:14     | Killed a two-headed ogre
 11944 | D:14     | Reached XP level 13. HP: 122/122 MP: 12/12
 11981 | D:14     | Found a gate to the Vaults.
 12462 | D:14     | Noticed a fire dragon
 12471 | D:14     | Killed a fire dragon
 12497 | D:14     | Got a faintly humming plate armour
 13055 | D:15     | Entered Level 15 of the Dungeon
 13074 | D:15     | Reached skill level 15 in Armour
 13117 | D:15     | Found a portal to a secret trove of treasure.
 13132 | D:15     | Noticed Azrael
 13144 | D:15     | Noticed Rupert
 13144 | D:15     | Killed Azrael
 13144 | D:15     | Reached skill level 15 in Fighting
 13153 | D:15     | Received a gift from Trog
 13157 | D:15     | Annihilated by Rupert

Skill      XL: |  1  2  3  4  5  6  7  8  9 10 11 12 13 |
---------------+----------------------------------------+-----
Fighting       | 4 5 6 7 8 9 11 13 15 | 15.0
Polearms       | 4 5 6 |  6.8
Dodging        | 3 4 5 6 7 |  7.3
Armour         | 3 5 6 7 9 10 13 15 | 15.3
Maces & Flails | 1 4 7 10 12 13 14 | 14.0
Stealth        | 1 2 |  2.9
Shields        | 2 4 |  4.1

Action                   |  1- 3 |  4- 6 |  7- 9 | 10-12 | 13-15 || total
-------------------------+-------+-------+-------+-------+-------++-------
Melee: Spear             |    70 |    96 |       |       |       ||   166
       Headbutt          |    12 |    29 |    51 |   194 |    38 ||   324
       Flail             |       |    39 |   264 |   687 |       ||   990
       Great mace        |       |       |       |    51 |   120 ||   171
Invok: Berserk           |     1 |     1 |     1 |     3 |     3 ||     9
       Trog's Hand       |       |       |     1 |     3 |     1 ||     5
       Burn Spellbooks   |       |       |       |     1 |       ||     1
  Use: Potion            |       |     4 |       |     9 |     1 ||    14
       Scroll            |       |     3 |     1 |    13 |     2 ||    19
  Eat: Chunk             |     8 |     3 |    13 |    12 |       ||    36
       Ration            |       |       |       |     5 |     2 ||     7
Armor: Animal skin       |     3 |     3 |       |       |       ||     6
       Scale mail        |       |    30 |   101 |   111 |       ||   242
       Plate armour      |       |       |       |   244 |   120 ||   364
Dodge: Dodged            |    37 |    76 |   125 |   388 |    90 ||   716
Block: Other             |       |    28 |     7 |    13 |    36 ||    84
       Buckler           |       |       |    78 |   335 |       ||   413
